 Dungeon Crawl Stone Soup version 0.29.0-11-gd7f09526c8 (webtiles) character file.

Game seed: 5406685719018104113

2215 gelatine the Grappler (level 9, -7/84 HPs)
             Began as a Troll Fighter on Sept 6, 2022.
             Was an Elder of Lugonu.
             Killed from afar by Erica (17 damage)
             ... with an iceblast
             ... on level 8 of the Dungeon.
             The game lasted 00:18:01 (4661 turns).

gelatine the Grappler (Troll Fighter)               Turns: 4661, Time: 00:18:02

Health: -7/84      AC:  5    Str: 28    XL:     9   Next: 13%
Magic:  7/9        EV: 24    Int:  4    God:    Lugonu [****..]
Gold:   390        SH:  8    Dex: 11    Spells: 8/8 levels left

rFire   . . .      SeeInvis .     - Unarmed
rCold   . . .      Faith    .   b - +0 kite shield
rNeg    . . .      Spirit   .   a - +0 robe
rPois   .          Reflect  .   (helmet restricted)
rElec   .          Harm     .   s - +0 cloak
rCorr   .          Rampage  .   (gloves unavailable)
Will    +....                   (boots unavailable)
Stlth   +.........              n - amulet of the acrobat
HPRegen 1.04/turn               k - ring of willpower
MPRegen 0.11/turn               (no ring)

@: acrobatic
A: large, unfitting armour, claws 3, regeneration 1, shaggy fur 1, tough skin 1
a: Renounce Religion, Depart the Abyss, Bend Space, Banish, Corrupt


You were on level 8 of the Dungeon.
You worshipped Lugonu.
Lugonu was greatly pleased with you.
You visited 1 branch of the dungeon, and saw 8 of its levels.

You collected 390 gold pieces.

Inventory:

Hand Weapons
 m - a +1 club
Missiles
 t - 4 poisoned darts
 x - a boomerang (quivered)
Armour
 a - a +0 robe (worn)
 b - a +0 kite shield (worn)
 s - a +0 cloak (worn)
Magical Staves
 o - a staff of poison
Jewellery
 k - a ring of willpower (left claw)
 n - an amulet of the acrobat (around neck)
Wands
 i - a wand of paralysis (8)
 p - a wand of polymorph (10)
 u - a wand of flame (47)
 v - a wand of mindburst (5)
Scrolls
 c - a scroll of torment
 f - 2 scrolls of immolation
 g - 5 scrolls of teleportation
 h - a scroll of magic mapping
 j - 5 scrolls of enchant weapon
 l - 3 scrolls of noise
 q - a scroll of silence {unknown}
 r - a scroll of enchant armour {unknown}
 w - 2 scrolls of poison
 y - 3 scrolls of brand weapon
 z - a scroll of vulnerability {unknown}
Potions
 e - 3 potions of flight
 A - a potion of haste


   Skills:
 * Level 3.9 Fighting
 * Level 2.3 Throwing
 * Level 4.3 Dodging
 + Level 0.3 Stealth
 * Level 5.1 Shields
 * Level 8.0 Unarmed Combat
 * Level 2.6 Invocations
 * Level 2.2 Evocations


You had 8 spell levels left.
You didn't know any spells.
Your spell library contained the following spells:

 Spells                   Type           Power      Damage    Failure   Level
 Apportation              Tloc           0%         N/A       77%         1
 Call Imp                 Summ           0%         N/A       88%         2
 Static Discharge         Conj/Air       0%         3-3/arc   88%         2
 Gell's Gravitas          Tloc           0%         N/A       98%         3
 Portal Projectile        Hex/Tloc       0%         N/A       98%         3
 Tukima's Dance           Hex            0%         N/A       98%         3
 Dispel Undead            Necr           0%         3d6       100%        4
 Passage of Golubria      Tloc           0%         N/A       100%        4
 Sticky Flame             Conj/Fire      0%         2d3       100%        4
 Summon Lightning Spire   Summ/Air       0%         N/A       100%        4
 Alistair's Intoxication  Tmut/Pois      0%         N/A       100%        5
 Blade Hands              Tmut           0%         N/A       100%        5
 Yara's Violent Unravell  Hex/Tmut       0%         3d3       100%        5


Dungeon Overview and Level Annotations

Branches:
Dungeon (8/15)             Temple (0/1) D:5
   Lair: D:8-11

Altars:
Elyvilon
Zin
The Shining One
Lugonu

Shops:
D:2 *

Annotations:
D:8 Erica, Maggie, Prince Ribbit


Innate Abilities, Weirdness & Mutations

You are too large for most types of armour.
You have claws for hands.
Your natural rate of healing is unusually fast.
You are covered in fur. (AC +1)
You have tough skin. (AC +1)


Message History

Space bends violently around you!
You blink.
The centaur shoots an arrow.
The arrow hits you!
* * * LOW HITPOINT WARNING * * *
Prince Ribbit gives a loud, deep croak!
Read: 3 scrolls of poison
Press: ? - help, Q - select action, (/) - cycle Dir - look around, f - activate The air fills with toxic fumes!
As you read the scroll of poison, it crumbles to dust.
The wyvern is engulfed in poison gas.
The wyvern is poisoned.
Aiming: Mindburst
Press: ? - help, Q - select action, (/) - cycle Shift-Dir - straight line, f - Erica
Aim: Erica, wielding a +1 scimitar of flaming, wearing a +2 robe of willpower and carrying a wand of iceblast (14) (grey smoke, chance to affect: 12%)
Okay, then.
Aiming: Paralyse
Press: ? - help, Q - select action, (/) - cycle Shift-Dir - straight line, f - Maggie
Aim: Maggie, wielding a +1 vorpal war axe and wearing +0 acid dragon scales (poison gas, mesmerising, chance to affect: 54%)
The wyvern resists with significant effort.
Prince Ribbit blinks!
The wyvern is engulfed in poison gas.
The wyvern looks even sicker.
The wyvern barely misses you. The wight closely misses you.
The wight barely misses you.
Maggie is engulfed in poison gas.
Maggie is poisoned.
Space bends violently around you!
You blink.
You are no longer entranced.
The wyvern is engulfed in poison gas.
The wyvern looks even sicker.
The centaur shoots an arrow.
The arrow hits you!
* * * LOW HITPOINT WARNING * * *
Erica attacks as you move away! Erica completely misses you.
Erica gestures wildly while chanting.
Erica flickers and vanishes!
Deactivating autopickup; reactivate with Ctrl-A.
You block the wyvern's attack.
You see here a wand of iceblast (7).
You kill the wyvern!
Lugonu accepts your kill.
Your life force feels restored.
Your Unarmed Combat skill increases to level 8!
You hear a zap.
An iceblast appears from out of thin air!
The mass of ice explodes!
The iceblast engulfs you!
You die...

.....F........
.............
............# ##
............# #.
#..........#
######.#####.....@....#
#.......§§###§§zz....#...
#.......§§§{§§..z......#
#.......@.##z§zc......##
#..$...<..##§§..$........
############§§........###
##.........# #........##
#.......## #.#.##### #.
.# #. .#


There were no monsters in sight!

Vanquished Creatures
  Joseph (D:7)
  A wyvern (D:8)
  A water moccasin (D:5)
  An ice beast (D:7)
  2 orc warriors (D:7)
  A black bear (D:6)
  A phantom (D:6)
  4 bullfrogs
  3 scorpions
  A jelly (D:6)
  4 hounds
  7 orc priests
  3 iguanas
  12 adders
  7 gnolls (D:6)
  2 white imps (D:5)
  An ufetubus (D:6)
  A worm (D:2)
  3 dart slugs
  24 orcs
  8 ball pythons
  8 endoplasms
  6 giant cockroaches
  7 goblins
  5 hobgoblins
  2 jackals (D:5)
  7 kobolds
  4 quokkas
  7 bats
  8 rats
142 creatures vanquished.

Vanquished Creatures (others)
  5 plants (D:4)
5 creatures vanquished.

Grand Total: 147 creatures vanquished

Notes
Turn   | Place    | Note
-------+----------+-------------------------------------------
     0 | D:1      | gelatine the Troll Fighter began the quest for the Orb.
     0 | D:1      | Reached XP level 1. HP: 22/22 MP: 0/0
    96 | D:1      | Reached XP level 2. HP: 26/29 MP: 1/1
   639 | D:2      | Reached XP level 3. HP: 31/36 MP: 2/2
   854 | D:2      | Reached XP level 4. HP: 44/44 MP: 3/3
  1055 | D:2      | Found Kigingij's General Store.
  1078 | D:2      | Found a faded altar of an unknown god.
  1337 | D:2      | Prayed at the altar of an unknown god.
  1337 | D:2      | Became a worshipper of Lugonu the Unformed
  1337 | D:2      | Reached * piety under Lugonu
  1337 | D:2      | Reached ** piety under Lugonu
  1613 | D:3      | Reached skill level 3 in Unarmed Combat
  2216 | D:4      | HP: 2/44 [iguana (7)]
  2219 | D:3      | Reached XP level 5. HP: 6/50 MP: 4/4
  2406 | D:4      | Reached *** piety under Lugonu
  2407 | D:4      | Reached skill level 4 in Unarmed Combat
  2484 | D:4      | Reached XP level 6. HP: 59/59 MP: 5/5
  2680 | D:5      | Entered Level 5 of the Dungeon
  2749 | D:5      | Noticed a water moccasin
  2781 | D:5      | Killed a water moccasin
  2782 | D:5      | Reached skill level 1 in Invocations
  2913 | D:5      | Reached skill level 5 in Unarmed Combat
  2913 | D:5      | Found a staircase to the Ecumenical Temple.
  2944 | D:5      | Got Leirorch's Teachings on Planar Leadership
  3184 | D:6      | Reached XP level 7. HP: 55/67 MP: 6/6
  3274 | D:6      | Reached skill level 1 in Evocations
  3290 | D:6      | HP: 3/100 [orc priest/divine providence (12)]
  3424 | D:6      | Reached skill level 1 in Throwing
  3424 | D:6      | Reached skill level 6 in Unarmed Combat
  3501 | D:6      | Reached **** piety under Lugonu
  3543 | D:6      | Reached XP level 8. HP: 75/75 MP: 8/8
  3804 | D:7      | Noticed Joseph
  3887 | D:7      | Killed Joseph
  3950 | D:7      | Reached skill level 7 in Unarmed Combat
  4052 | D:7      | Reached skill level 5 in Shields
  4306 | D:7      | Reached XP level 9. HP: 67/84 MP: 9/9
  4601 | D:7      | Found a glowing silver altar of Zin.
  4602 | D:7      | Found a white marble altar of Elyvilon.
  4611 | D:7      | Found a glowing golden altar of the Shining One.
  4641 | D:8      | Noticed Maggie
  4645 | D:8      | Noticed Erica
  4650 | D:8      | Noticed Prince Ribbit
  4661 | D:8      | Reached skill level 8 in Unarmed Combat
  4661 | D:8      | Killed from afar by Erica

Illustrated notes

Levels and vault maps discovered:
D:1:      saegor_arrival_simple_d, layout_loops_cross,
          minmay_misc_feat_diagonals
D:2:      layout_loops_ring, hellmonk_ecumenical_altar_inner_sanctum,
          serial_shops, shop, minivault_25
D:3:      layout_loops_corners, kennysheep_decorative_pillar, minivault_4
D:4:      layout_basic, serial_bayou, serial_bayou_lake_a, serial_bayou_pond_c,
          serial_bayou_pond_e, serial_bayou_pond_d
D:5:      layout_rooms, temple_hall, grunt_decor_cap
D:6:      layout_gridville, sigmund_army
D:7:      layout_basic, good_gods_temple_1, uniq_joseph
D:8:      layout_rooms, trog_three_pillars_becter,
          grunt_temple_overflow_octagram, serial_aquarium,
          aquarium_bridge_square [aquarium_subvault_window,
          aquarium_subvault_wall, aquarium_subvault_window,
          aquarium_subvault_bridge], aquarium_bridge_straight
          [aquarium_subvault_bridge, aquarium_subvault_wall,
          aquarium_subvault_bridge, aquarium_subvault_wall],
          aquarium_window_fake, aquarium_window_1, aquarium_window_fake,
          aquarium_window_2, aquarium_view_2c, uniq_maggie, uniq_prince_ribbit1,
          uniq_pikel, uniq_erica

Skill      XL: |  1  2  3  4  5  6  7  8  9 |
---------------+----------------------------+-----
Shields        | 3 4 5 |  5.1
Dodging        | 3 4 |  4.3
Unarmed Combat | 3 4 5 6 7 8 |  8.0
Fighting       | 3 |  3.9
Invocations    | 1 2 |  2.6
Evocations     | 1 2 |  2.2
Throwing       | 1 2 |  2.3
Stealth        | |  0.3

Action                   |  1- 3 |  4- 6 |  7- 9 || total
-------------------------+-------+-------+-------++-------
Melee: Unarmed           |    95 |   171 |   140 ||   406
Throw: Stone             |       |     5 |       ||     5
       Boomerang         |       |     2 |    21 ||    23
Invok: Bend Space        |       |       |     3 ||     3
Evoke: Wand              |       |       |     1 ||     1
  Use: Scroll            |       |     7 |     5 ||    12
       Potion            |       |     6 |     2 ||     8
Armor: Robe              |    39 |    73 |    16 ||   128
       Skin              |       |       |    12 ||    12
Dodge: Dodged            |    34 |    73 |    83 ||   190
Block: Kite shield       |    40 |    80 |    60 ||   180
